 Dungeon Crawl Stone Soup version 0.31-a0-771-g505c3d19dc (webtiles) character file.

Game seed: 15814647787092137578

13815 cforsyth the Fighter (level 12, -15/89 HPs)
             Began as a Djinni Delver on Sept 16, 2023.
             Was a Priest of Hepliaklqana.
             Demolished by a white ugly thing (45 damage)
             ... in an ice cave.
             The game lasted 00:27:05 (11569 turns).

cforsyth the Fighter (Djinni Delver)               Turns: 11569, Time: 00:27:06

Health: -15/89     AC:  4    Str: 11    XL:     12   Next: 37%
Gold:   485        EV: 12    Int: 16    God:    Hepliaklqana [***...] SH:  0 Dex: 16

rFire   + + .        A - +2 dagger (drain)
rCold   x . .        (no shield)
rNeg    . . .        K - +0 troll leather armour
rPois   ∞            p - +0 helmet
rElec   .            (no cloak)
rCorr   .            (no gloves)
SInv    .            (boots unavailable)
Will    +....        h - amulet of regeneration
Stlth   ++           (no ring)
HPRegen 1.94/turn    (no ring)
MPRegen 0.00/turn

%: infuse magic (-16 HP)
@: flying, studying Short Blades
A: reduced essence, sickness immunity, fire resistance 2, cold vulnerability 1,
float, innate caster, HP casting, extra vitality 1
a: Renounce Religion, Recall Ancestor, Ancestor Identity, Transference


You were in an ice cave.
You worshipped Hepliaklqana.
Hepliaklqana was most pleased with you.
You visited 2 branches of the dungeon, and saw 12 of its levels.
You also visited: Ice Cave.

You collected 542 gold pieces.
You spent 57 gold pieces at shops.

Inventory:

Hand Weapons
 a - a +0 falchion
 A - a +2 dagger of draining (weapon)
 B - a +0 long sword of electrocution
Armour
 b - a +0 leather armour
 p - a +0 helmet (worn)
 K - a +0 troll leather armour (worn)
Jewellery
 e - a ring of fire
 h - an amulet of regeneration (around neck)
 G - an amulet of reflection
 I - a ring of protection from cold
Wands
 g - a wand of digging (21)
 q - a wand of charming (11)
 t - a wand of polymorph (6)
 x - a wand of flame (56)
Scrolls
 c - 3 scrolls of fog
 d - 4 scrolls of revelation
 i - 2 scrolls of enchant weapon {unknown}
 j - 3 scrolls of blinking {unknown}
 k - 2 scrolls of teleportation {unknown}
 l - 2 scrolls of noise {unknown}
 r - a scroll of enchant armour {unknown}
 s - a scroll of poison
 v - 3 scrolls of identify {unknown}
 w - a scroll of vulnerability {unknown}
 y - a scroll of silence {unknown}
 D - a scroll of immolation {unknown}
 E - a scroll of brand weapon {unknown}
Potions
 f - a potion of haste
 m - 6 potions of curing {unknown}
 n - 2 potions of heal wounds {unknown}
 o - a potion of berserk rage
 u - 3 potions of might {unknown}
 z - 3 potions of mutation {unknown}
 C - a potion of cancellation {unknown}
 F - 2 potions of attraction {unknown}
 H - 2 potions of degeneration {unknown}
 J - 2 potions of brilliance {unknown}


   Skills:
 + Level 13.8 Fighting
 - Level 1.7 Long Blades
 - Level 2.1 Dodging
 - Level 4.1 Stealth
 + Level 10.2 Spellcasting
 + Level 10.2 Conjurations
 + Level 10.2 Hexes
 + Level 10.2 Summonings
 + Level 10.2 Necromancy
 + Level 10.2 Translocations
 + Level 10.2 Transmutations
 + Level 10.2 Fire Magic
 + Level 10.2 Ice Magic
 + Level 10.2 Air Magic
 + Level 10.2 Earth Magic
 + Level 10.2 Poison Magic


You knew the following spells:

 Your Spells              Type           Power      Damage    Failure   Level
a - Summon Small Mammal   Summ           100%       N/A       1%          1
b - Momentum Strike       Conj/Tloc      82%        3d10      1%          2
c - Ensorcelled Hibernat  Hex/Ice        82%        N/A       1%          2
d - Frozen Ramparts       Ice            82%        1d13      1%          3
e - Fireball              Conj/Fire      20%        3d10      4%          5
Your spell library was empty.

Dungeon Overview and Level Annotations

Branches:
Dungeon (11/15)            Temple (1/1) D:6            Lair (0/5) D:10
    Orc (0/2) D:11          IceCv (1/1)

Altars:
Ashenzari
Cheibriados
Dithmenos
Elyvilon
Fedhas
Gozag
Hepliaklqana
Makhleb
Nemelex Xobeh
Okawaru
Qazlal
Ru
Trog
Uskayaw
Wu Jian
Xom
Yredelemnul
Zin
The Shining One

Shops:
D:4 :*?:   D:5 [   D:9 =

Annotations:
D:4 2 transporters


Innate Abilities, Weirdness & Mutations

Your life essence is reduced to manifest your ancestor. (-10% HP)
You are immune to sickness and miasma.
You are immune to poison.
Your flesh is very heat resistant. (rF++)
You are vulnerable to cold. (rC-)
You float through the air rather than walking.
You learn spells naturally, not from books.
Your magical power is your life essence.
You have superior vitality. (+4 MHP)


Message History

You start resting.
HP restored.
You start waiting.
Done waiting.
You swap places.
You see here a polar bear corpse.
You see here a death yak corpse.
A yak comes into view.
Found 2 glowing black potions and 2 grey potions.
A death yak comes into view.
The yak bellows!
You hear a bellow!
You hear a horrible gurgling sound!
A death yak comes into view.
You swap places.
A white ugly thing comes into view.
The white ugly thing gurgles horribly!
Ingwe hits the death yak with a +0 flail!
The death yak gores Ingwe but does no damage.
The white ugly thing barely misses you.
Casting: Fireball (dangerous; 4% risk of failure)
Confirm with . or Enter, or press ? or * to list all spells.
Casting: Frozen Ramparts (safe; 1% risk of failure)
Press: ? - help, Dir - look around, f - activate
Okay, then.
Unknown command.
The death yak closely misses Ingwe.
Ingwe barely misses the death yak.
The death yak gores Ingwe!!
Ingwe blocks something's attack.
The white ugly thing punches you! The white ugly thing freezes you!!!
You feel a terrible chill!
Ouch! That really hurt!
Ingwe hits the death yak but does no damage.
The death yak gores Ingwe.
The white ugly thing attacks as it pursues you!
The white ugly thing misses you.
The air fills with toxic fumes!
As you read the scroll of poison, it crumbles to dust.
The death yak gores Ingwe!
Ingwe barely misses the death yak.
The white ugly thing punches you. The white ugly thing freezes you!!!
You feel a terrible chill!
Ouch! That really hurt!
You die...

#.....# ####
##..## #....##
#### ##...##
#...## #..## #..#
###.## ### #...#
##§## ##..##
##§@§#### #...#
###§§#u#..#
###.######§§§###§#
#...#.#§#§###.#R#
###..§§#§## #. #Y§
####§§## ## #§#
#### §# #


You could see the friendly Ingwe the knight, a death yak (ally target) and a
white ugly thing.

Vanquished Creatures
  A hydra (D:10)
  A death yak (IceCv)
  An ugly thing (D:7)
  Maurice (D:8)
  Maggie (D:7)
  A rime drake (IceCv)
  A polar bear (IceCv)
  A troll (D:9)
  Prince Ribbit (D:5)
  A hornet (D:10)
  A shadow (D:10)
  12 yaks
  A vampire (D:10)
  A wraith (D:9)
  An acid dragon (D:10)
  2 water moccasins
  2 orc warriors
  2 ice beasts
  2 black bears (D:7)
  An ogre (D:5)
  3 wolves (IceCv)
  2 centaurs (D:9)
  2 lemures (D:8)
  2 phantoms
  2 kobold brigands
  A bullfrog (D:6)
  2 scorpions
  7 killer bees
  4 howler monkeys
  6 hounds
  A jelly (D:6)
  5 orc priests
  2 gnoll boudas
  3 iguanas
  6 orc wizards
  4 gnolls
  An adder (D:4)
  A shadow imp (D:7)
  2 white imps
  2 dart slugs
  17 orcs
  3 endoplasms
  2 giant cockroaches
  7 goblins
  5 hobgoblins
  5 jackals (D:4)
  13 kobolds
  3 quokkas
  10 ball pythons
  3 bats
  3 frilled lizards
  A spectral hobgoblin (D:3)
165 creatures vanquished.

Vanquished Creatures (collateral kills)
  A two-headed ogre (D:6)
  Erica (D:9)
  A death yak (IceCv)
  Pikel (D:8)
  2 polar bears (IceCv)
  10 yaks
  A wyvern (D:10)
  An acid dragon (D:7)
  An orc warrior (D:9)
  A sky beast (D:7)
  A black bear (D:7)
  An ogre (D:6)
  2 lemures (D:7)
  A bullfrog (D:7)
  5 wights
  5 killer bees
  A crimson imp (D:7)
  An orc priest (D:7)
  A sleepcap (D:7)
  An orc wizard (D:7)
  2 gnolls (D:7)
  2 white imps
  2 orcs
  A ball python (D:2)
  A giant cockroach (D:1)
  A bat (D:1)
  5 kobolds
53 creatures vanquished.

Vanquished Creatures (others)
  A kobold brigand (D:6)
  2 knights
  An orc wizard (D:5)
4 creatures vanquished.

Grand Total: 222 creatures vanquished

Notes
Turn   | Place    | Note
-------+----------+-------------------------------------------
     0 | D:5      | cforsyth the Djinni Delver began the quest for the Orb.
     0 | D:5      | Reached XP level 1. HP: 20/20 MP: 0/0
    35 | D:5      | Noticed Prince Ribbit
    50 | D:5      | Noticed a phantom
    56 | D:5      | Noticed an iguana
    63 | D:5      | Killed a phantom
    64 | D:5      | Reached skill level 4 in Fighting
    64 | D:5      | Reached skill level 1 in Spellcasting
    64 | D:5      | Reached skill level 1 in Conjurations
    64 | D:5      | Reached skill level 1 in Hexes
    64 | D:5      | Reached skill level 1 in Summonings
    64 | D:5      | Reached skill level 1 in Necromancy
    64 | D:5      | Reached skill level 1 in Translocations
    64 | D:5      | Reached skill level 1 in Transmutations
    64 | D:5      | Reached skill level 1 in Fire Magic
    64 | D:5      | Reached skill level 1 in Ice Magic
    64 | D:5      | Reached skill level 1 in Air Magic
    64 | D:5      | Reached skill level 1 in Earth Magic
    64 | D:5      | Reached skill level 1 in Poison Magic
    64 | D:5      | Reached XP level 2. HP: 4/26 MP: 0/0
    64 | D:5      | Reached XP level 3. HP: 5/31 MP: 0/0
    64 | D:5      | Learned a level 1 spell: Summon Small Mammal
    64 | D:5      | Reached XP level 4. HP: 6/37 MP: 0/0
   422 | D:5      | Reached XP level 5. HP: 40/41 MP: 0/0
   422 | D:5      | Learned a level 2 spell: Momentum Strike
   512 | D:5      | Noticed an ice beast
   536 | D:5      | Found Xaxemol's Armour Boutique.
   768 | D:5      | Found a glowing golden altar of the Shining One.
   873 | D:5      | Found a white marble altar of Elyvilon.
   938 | D:5      | Reached XP level 6. HP: 46/49 MP: 0/0
   961 | D:5      | Reached skill level 5 in Fighting
  1510 | D:4      | Found Oviecealao's Assorted Antiques.
  1519 | D:4      | Bought a scroll labelled MIYJOV US JUGY for 30 gold pieces
  1519 | D:4      | Bought a black potion for 27 gold pieces
  1625 | D:4      | Found Ucsolimp's Magic Scroll Boutique.
  1851 | D:4      | Found Uhimi's Book Shop.
  2024 | D:4      | Found a transporter.
  2024 | D:4      | Found Cuway's Book Shop.
  2058 | D:4      | Found a transporter.
  2110 | D:4      | Found a glowing silver altar of Zin.
  2210 | D:4      | Killed an ice beast
  2211 | D:4      | Reached XP level 7. HP: 43/55 MP: 0/0
  2211 | D:4      | Learned a level 2 spell: Ensorcelled Hibernation
  2833 | D:6      | Reached skill level 6 in Fighting
  2887 | D:6      | Noticed a two-headed ogre
  3253 | D:5      | HP: 2/56 [Prince Ribbit (11)]
  3261 | D:5      | Killed Prince Ribbit
  3262 | D:5      | Reached XP level 8. HP: 8/62 MP: 0/0
  3590 | D:5      | Reached skill level 7 in Fighting
  3838 | D:6      | Found a broken altar of Ashenzari.
  4050 | D:6      | Reached skill level 5 in Spellcasting
  4050 | D:6      | Reached skill level 5 in Conjurations
  4050 | D:6      | Reached skill level 5 in Hexes
  4050 | D:6      | Reached skill level 5 in Summonings
  4050 | D:6      | Reached skill level 5 in Necromancy
  4050 | D:6      | Reached skill level 5 in Translocations
  4050 | D:6      | Reached skill level 5 in Transmutations
  4050 | D:6      | Reached skill level 5 in Fire Magic
  4050 | D:6      | Reached skill level 5 in Ice Magic
  4050 | D:6      | Reached skill level 5 in Air Magic
  4050 | D:6      | Reached skill level 5 in Earth Magic
  4050 | D:6      | Reached skill level 5 in Poison Magic
  4374 | D:6      | Found a staircase to the Ecumenical Temple.
  4449 | Temple   | Entered the Ecumenical Temple
  4454 | Temple   | Became a worshipper of Hepliaklqana the Forgotten
  4613 | D:3      | Found a faded altar of an unknown god.
  4808 | D:3      | Found a faded altar of an unknown god.
  4811 | D:3      | Found an iron altar of Okawaru.
  4854 | D:3      | Reached * piety under Hepliaklqana
  5488 | D:2      | Found a burning altar of Makhleb.
  5535 | D:2      | Reached ** piety under Hepliaklqana
  5542 | D:2      | Remembered your ancestor Ingwe as a knight
  6521 | D:6      | Killed a two-headed ogre
  6522 | D:6      | Reached skill level 8 in Fighting
  6522 | D:6      | Reached XP level 9. HP: 59/63 MP: 0/0
  6522 | D:6      | Learned a level 3 spell: Frozen Ramparts
  6688 | D:6      | Reached skill level 9 in Fighting
  6808 | D:7      | Noticed Maggie
  6826 | D:7      | Killed Maggie
  6882 | D:7      | Noticed a red ugly thing
  6892 | D:7      | Killed a red ugly thing
  6893 | D:7      | Reached skill level 10 in Fighting
  6893 | D:7      | Reached XP level 10. HP: 72/72 MP: 0/0
  7452 | D:7      | Found a bloodstained altar of Trog.
  7617 | D:8      | Noticed Pikel
  8341 | D:8      | Identified the +3 chain mail "Seokymy" {Fly rF++ Dex+4}
  9101 | D:8      | Killed Pikel
  9102 | D:8      | Reached skill level 11 in Fighting
  9343 | D:8      | Noticed Maurice
  9391 | D:8      | Killed Maurice
  9530 | D:8      | Reached XP level 11. HP: 78/78 MP: 0/0
  9530 | D:8      | Learned a level 5 spell: Fireball
  9691 | D:8      | Found a sacrificial altar of Ru.
  9691 | D:8      | Found a sparkling altar of Nemelex Xobeh.
  9693 | D:8      | Found a basalt altar of Yredelemnul.
  9761 | D:8      | Reached *** piety under Hepliaklqana
  9897 | D:9      | Noticed Erica
  9902 | D:9      | Killed Erica
  9903 | D:9      | Reached skill level 12 in Fighting
  9961 | D:9      | Found a stormy altar of Qazlal.
 10316 | D:9      | Found Mapnobb's Jewellery Boutique.
 10645 | D:10     | Entered Level 10 of the Dungeon
 10659 | D:10     | Found a staircase to the Lair.
 11126 | D:10     | Noticed a five-headed hydra
 11133 | D:10     | Killed a five-headed hydra
 11134 | D:10     | Reached skill level 13 in Fighting
 11267 | D:11     | Reached XP level 12. HP: 88/88 MP: 0/0
 11329 | D:11     | Found a frozen archway.
 11334 | IceCv    | Entered an ice cave
 11386 | IceCv    | Noticed a death yak
 11387 | IceCv    | Noticed a death yak
 11398 | IceCv    | Killed a death yak
 11399 | IceCv    | Reached skill level 10 in Spellcasting
 11399 | IceCv    | Reached skill level 10 in Conjurations
 11399 | IceCv    | Reached skill level 10 in Hexes
 11399 | IceCv    | Reached skill level 10 in Summonings
 11399 | IceCv    | Reached skill level 10 in Necromancy
 11399 | IceCv    | Reached skill level 10 in Translocations
 11399 | IceCv    | Reached skill level 10 in Transmutations
 11399 | IceCv    | Reached skill level 10 in Fire Magic
 11399 | IceCv    | Reached skill level 10 in Ice Magic
 11399 | IceCv    | Reached skill level 10 in Air Magic
 11399 | IceCv    | Reached skill level 10 in Earth Magic
 11399 | IceCv    | Reached skill level 10 in Poison Magic
 11401 | IceCv    | Killed a death yak
 11561 | IceCv    | Noticed a death yak
 11563 | IceCv    | Noticed a death yak
 11569 | IceCv    | Demolished by a white ugly thing

Illustrated notes

Levels and vault maps discovered:
D:1:      roderic_crossed_star, layout_basic
D:2:      layout_basic, basic_altar
D:3:      layout_basic, nicolae_overflow_ecumenical_swirl,
          dreamdust_ecumenical_altar_drowned_temple, minmay_splitting_lines
D:4:      layout_rooms, zin_scriptorium, serial_shops, shop_statue,
          nicolae_shop_rolling_square, nicolae_shop_drivethru, shop
D:5:      cheibrodos_two_vegetables, layout_layer_cave, general_overflow_altar,
          mainiacjoe_overflow_surrounded_room, serial_shops, shop,
          uniq_prince_ribbit1
D:6:      layout_basic, mainiacjoe_overflow_alcove_4, minmay_temple_entry_grid,
          hangedman_decor_slide_cut, amcnicky_mini_rare_corridor_liquid
D:7:      layout_loops_ring, trog_ov_bears_minmay, minmay_fire_ice_demons,
          uniq_maggie
D:8:      layout_rooms, minitemple, minmay_manual_moon, uniq_maurice, uniq_pikel
D:9:      layout_roguey, grunt_qazlal_sundering, serial_shops, shop, uniq_erica
D:10:     layout_loops_cross
D:11:     layout_rooms, david_orc_3, portal_ice_cave_entry_pillars_1
Temple:   minmay_freezing_vapour_temple
IceCv:    ice_cave_small_giant

Skill      XL: |  1  2  3  4  5  6  7  8  9 10 11 12 |
---------------+-------------------------------------+-----
Fighting       | 4 5 6 8 10 11 13 | 13.8
Spellcasting   | 1 2 3 4 6 8 9 10 | 10.2
Conjurations   | 1 2 3 4 6 8 9 10 | 10.2
Hexes          | 1 2 3 4 6 8 9 10 | 10.2
Summonings     | 1 2 3 4 6 8 9 10 | 10.2
Necromancy     | 1 2 3 4 6 8 9 10 | 10.2
Translocations | 1 2 3 4 6 8 9 10 | 10.2
Transmutations | 1 2 3 4 6 8 9 10 | 10.2
Fire Magic     | 1 2 3 4 6 8 9 10 | 10.2
Ice Magic      | 1 2 3 4 6 8 9 10 | 10.2
Air Magic      | 1 2 3 4 6 8 9 10 | 10.2
Earth Magic    | 1 2 3 4 6 8 9 10 | 10.2
Poison Magic   | 1 2 3 4 6 8 9 10 | 10.2
Long Blades    | |  1.7
Dodging        | |  2.1
Stealth        | |  4.1

Action                     |  1- 3 |  4- 6 |  7- 9 | 10-12 || total
---------------------------+-------+-------+-------+-------++-------
  Melee: Falchion          |    12 |   147 |   184 |       ||   343
         Punch             |     1 |     2 |     5 |     2 ||    10
         Dagger            |       |       |    63 |    76 ||   139
   Cast: Summon Small Mamm |       |     5 |     7 |       ||    12
         Ensorcelled Hiber |       |       |     4 |     1 ||     5
         Momentum Strike   |       |       |     8 |    16 ||    24
         Frozen Ramparts   |       |       |     5 |    29 ||    34
         Fireball          |       |       |       |    73 ||    73
 Invoke: Ancestor Life: Kn |       |       |     1 |       ||     1
         Recall Ancestor   |       |       |       |    11 ||    11
  Evoke: Wand              |       |     3 |     5 |       ||     8
    Use: Potion            |       |       |     1 |       ||     1
         Scroll            |       |       |       |     4 ||     4
   Stab: Sleeping          |       |     2 |    10 |     1 ||    13
 Armour: Leather armour    |     6 |   121 |   187 |    71 ||   385
         Troll leather arm |       |       |       |    23 ||    23
  Dodge: Dodged            |     7 |    87 |   148 |    66 ||   308

Table legend: (Time is in decaauts)
 A = Elapsed time spent in this place.
 B = Non-inter-level travel time spent in this place.
 C = Inter-level travel time spent in this place.
 D = Time resting spent in this place.
 E = Time spent auto-exploring this place.
 F = Levels seen in this place.
 G = Mean time per level.
                   A        B        C        D        E       F      G
               +--------+--------+--------+--------+--------+-----+--------+
         Total |  11658 |  11161 |    497 |   2627 |   5791 |  13 |  896.8 |
       Dungeon |  11413 |  10922 |    491 |   2500 |   5741 |  11 | 1037.5 |
        Temple |     10 |      5 |      5 |      0 |      0 |   1 |   10.0 |
      Ice Cave |    234 |    234 |      0 |    127 |     50 |   1 |  234.0 |
               +--------+--------+--------+--------+--------+-----+--------+

Top non-repeatable levels by time:
     D:5: 2501 daAuts
     D:7: 1923 daAuts
     D:6: 1629 daAuts
     D:8: 1226 daAuts
     D:4: 779 daAuts
     D:9: 747 daAuts
     D:2: 654 daAuts
     D:3: 648 daAuts
     D:1: 615 daAuts
    D:10: 593 daAuts
   IceCv: 234 daAuts
    D:11: 94 daAuts
  Temple: 10 daAuts
